 Dungeon Crawl Stone Soup version 0.15.2 (webtiles) character file.

200 senatorankhstrong the Insei (level 5, -3/41 HPs)
             Began as a Mummy Monk on Nov 5, 2015.
             Slain by a worker ant (7 damage)
             ... on Level 4 of the Dungeon.
             The game lasted 00:19:49 (4537 turns).

senatorankhstrong the Insei (Mummy Monk)            Turns: 4537, Time: 00:19:50

HP  -3/41        AC  2     Str 14      XL: 5   Next: 48%
MP   5/5         EV 13     Int  9      God:
Gold 213         SH  0     Dex 15      Spells:  0 memorised,  4 levels left

rFire  . . .     SeeInvis .       - Unarmed
rCold  + . .     Clarity  .     (no armour)
rNeg   + + +     rCorr    .     (no shield)
rPois  +         rRot     +     (no helmet)
rElec  .         Spirit   .     (no cloak)
SustAb .         Warding  .     (no gloves)
rMut   .         Stasis   .     e - +1 pair of boots
Gourm  .                        (no amulet)
MR     .....                    (no ring)
                                b - ring of protection from fire {THE ONE!}

@: about to teleport, not resistant to hostile enchantments, unstealthy
A: no food or potions, fire vulnerability, restore body, cold resistance 1,
negative energy resistance 3, poison resistance, torment resistance, unbreathing
a: no special abilities


You were on level 4 of the Dungeon.
You were not hungry.

You visited 1 branch of the dungeon, and saw 4 of its levels.

You collected 213 gold pieces.


Innate Abilities, Weirdness & Mutations

You do not eat or drink.
Your flesh is vulnerable to fire.
Your flesh is cold resistant.
You are immune to negative energy.
Your system is resistant to poisons.
You are immune to unholy pain and torment.
You can survive without breathing.


   Skills:
 - Level 3.0 Fighting
 - Level 2.4 Dodging
 - Level 1.5 Stealth
 + Level 5.6 Unarmed Combat


You had 4 spell levels left.
You didn't know any spells.

Inventory:

Armour
 e - a +1 pair of boots (worn)
Comestibles
 g - 5 meat rations
 i - a slice of pizza (quivered)
 j - 2 bread rations
Scrolls
 c - a scroll of teleportation
 d - a scroll of amnesia
 f - a scroll of random uselessness
 l - a scroll of immolation {!r SOON}
 m - a scroll of fog
 n - a scroll of blinking {unknown}
Jewellery
 a - an uncursed amulet of faith {unknown}
 b - a ring of protection from fire (left hand) {THE ONE!}
 h - an uncursed amulet of rage {unknown}
 k - an uncursed ring of see invisible {unknown}

Dungeon Overview and Level Annotations

Branches:
Dungeon (4/15)
 Temple: D:4-7

Altars:

Annotations:
D:1 exclusion: 2 downstairs
D:3 ORCS ew, exclusion: orc
D:4 exclusion: worker ant, Blork the orc

#.## ##.....## ####.####
..# ##...## #.......# #.#
##'## #.##.##.# #.# #.#
#######.##.##.# #.# #.#
#.......##.##.# #.#
##.###.#####.##.##.# #.#
##...##.# #.##.##.# #.#
##.....#.#####.....<.#
#.#
#........a@.......####
#.#####.##.###.#####.####
#.......##%# #.# #.#
##########.# #.#####.#
#.# #.......# #.#
######### #.# #.# ####
#.# #..


You could see a worker ant.


Message History

The worker ant closely misses you.
You hit the worker ant but do no damage.
The worker ant is moderately wounded.
The worker ant bites you.
You hit the worker ant.
The worker ant is moderately wounded.
The worker ant barely misses you.
You barely miss the worker ant.
The worker ant is moderately wounded.
The worker ant completely misses you.
You barely miss the worker ant.
The worker ant is moderately wounded.
The worker ant bites you!
You barely miss the worker ant.
The worker ant is moderately wounded.
The worker ant barely misses you.
You hit the worker ant.
The worker ant is heavily wounded.
The worker ant bites you.
You closely miss the worker ant.
You punch the worker ant, but do no damage.
The worker ant is heavily wounded.
The worker ant bites you.
* * * LOW HITPOINT WARNING * * *
Read which item? (? for menu, Esc to quit)
As you read the scroll of teleportation, it crumbles to dust.
You feel strangely unstable. The worker ant bites you!
* * * LOW HITPOINT WARNING * * *
The worker ant bites you!
You die...

Action                   |  1- 3 |  4- 6 || total
-------------------------+-------+-------++-------
Melee: Unarmed           |   136 |   184 ||   320
  Use: Scroll            |       |     8 ||     8
 Stab: Sleeping          |     1 |     1 ||     2

Vault maps used:
D:1:      shiori_shiawase
D:3:      serial_bayou_pond_d
D:4:      uniq_blork_the_orc

Notes
Turn   | Place    | Note
--------------------------------------------------------------
     0 | D:1      | senatorankhstrong, the Mummy Monk, began the quest for the Orb.
     0 | D:1      | Reached XP level 1. HP: 18/18 MP: 1/1
     7 | D:1      | TOGETHER WE'LL MAKE THIS DUNGEON GREAT AGAIN
    28 | D:1      | I EVEN REMEMBERED!
    94 | D:1      | HA HA HA!
   106 | D:1      | Vidiiot: dat ring
   127 | D:1      | senatorankhstrong: ikr
   201 | D:1      | FistofTheNorthNile: I believe
   203 | D:1      | senatorankhstrong: check this out!
   203 | D:1      | FistofTheNorthNile: shiiiet
   203 | D:1      | hype!
   326 | D:1      | FistofTheNorthNile: shiiiet, boots
   373 | D:1      | Reached XP level 2. HP: 20/24 MP: 2/2
   530 | D:1      | FistofTheNorthNile: But anon, do you have the patience to be like dicks-kun
   680 | D:1      | senatorankhstrong: (it's me silly)
   689 | D:1      | FistofTheNorthNile: WHAT
   692 | D:1      | FistofTheNorthNile: WHAT HAPPENED
   692 | D:1      | senatorankhstrong: hahahaha
   692 | D:1      | FistofTheNorthNile: YOU WERE ALIVE
   692 | D:1      | senatorankhstrong: nothing!
   692 | D:1      | senatorankhstrong: I know!
   700 | D:1      | FistofTheNorthNile: A-and so?
   734 | D:1      | FistofTheNorthNile: you're just starting another one?
   734 | D:1      | senatorankhstrong: well I came up with the name and really liked it!
   810 | D:1      | FistofTheNorthNile: you crazy dicks
   815 | D:1      | Reached skill level 4 in Unarmed Combat
   821 | D:1      | FistofTheNorthNile: you just crazy
   877 | D:1      | FistofTheNorthNile: But I love it
  1055 | D:1      | FistofTheNorthNile: I was thinking what if .14 MuMo
  1061 | D:1      | FistofTheNorthNile: With item destruction
  1119 | D:1      | FistofTheNorthNile: And less deadly komodo dragons
  1119 | D:1      | senatorankhstrong: I know we had our reasons to keep it .15
  1119 | D:1      | senatorankhstrong: but I can't for the life of me remember what those reasons were
  1119 | D:1      | FistofTheNorthNile: Bennu.
  1119 | D:1      | senatorankhstrong: so we'll strick to tradition!
  1121 | D:2      | FistofTheNorthNile: We started it as .16
  1121 | D:2      | senatorankhstrong: *-r
  1130 | D:2      | senatorankhstrong: I think it was trunk even
  1146 | D:2      | FistofTheNorthNile: wasn't .16 trunk back then
  1164 | D:2      | FistofTheNorthNile: I mean it was last year
  1164 | D:2      | senatorankhstrong: yeah well but then I realized how retarded it was to stay on trunk
  1179 | D:2      | senatorankhstrong: as in, because it'd be a bit better having conditions not changing with time
  1190 | D:2      | FistofTheNorthNile: Hm-hm
  1190 | D:2      | senatorankhstrong: tbh that was probably the biggest factor
  1190 | D:2      | senatorankhstrong: (and fuck bennu)
  1239 | D:2      | FistofTheNorthNile: Word.
  1327 | D:2      | Reached XP level 3. HP: 21/29 MP: 3/3
  1637 | D:2      | whoops
  2105 | D:2      | Reached XP level 4. HP: 16/35 MP: 4/4
  2987 | D:3      | Reached skill level 5 in Unarmed Combat
  3356 | D:4      | AHA
  3378 | D:4      | Reached XP level 5. HP: 30/41 MP: 5/5
  4434 | D:4      | SO IT BEGINS
  4502 | D:4      | Noticed Blork the orc
  4532 | D:4      | FistofTheNorthNile: punch, punch punch
  4537 | D:4      | HP: 4/41 [worker ant (8)]
  4537 | D:4      | Slain by a worker ant

Vanquished Creatures
  A centaur skeleton (D:4)
  An iguana (D:4)
  6 adders
  A worm (D:2)
  5 orcs
  10 bats
  7 giant cockroaches
  5 goblins
  7 hobgoblins
  14 kobolds
  3 quokkas
  2 ball pythons
  4 giant geckos
  3 giant newts
  10 jackals
  5 rats
84 creatures vanquished.
